 Dungeon Crawl Stone Soup version 0.27.1-33-g824d729ab1 (webtiles) character file.

Game seed: 17016528582170551812

131 zeram the Ducker (level 4, -2/23 HPs)
             Began as a Spriggan Fighter on Dec 7, 2021.
             Slain by an iron imp (7 damage)
             ... summoned by Natasha
             ... on level 3 of the Dungeon.
             The game lasted 00:07:52 (6685 turns).

zeram the Ducker (Spriggan Fighter)                 Turns: 6685, Time: 00:07:53

Health: -2/23      AC:  6    Str: 12    XL:     4   Next: 91%
Magic:  5/5        EV: 18    Int: 10    God:
Gold:   130        SH:  6    Dex: 14    Spells: 3/3 levels left

rFire    . . .     SeeInvis +   i - +0 dagger
rCold    . . .     Faith    .   c - +0 buckler
rNeg     . . .     Spirit   .   b - +0 robe
rPois    .         Reflect  .   (helmet restricted)
rElec    .         Harm     .   (no cloak)
rCorr    .         Rampage  .   (gloves unavailable)
Will     .....                  (boots unavailable)
Stlth    +++.......             (no amulet)
HPRegen  0.07/turn              d - +4 ring of protection
MPRegen  0.09/turn              (no ring)

@: very quick
A: very small, no large weapons, unfitting armour, see invisible, speed 3
a: no special abilities


You were on level 3 of the Dungeon.
You visited 1 branch of the dungeon, and saw 5 of its levels.

You collected 130 gold pieces.

Inventory:

Hand Weapons
 a - a +0 rapier
 i - a +0 dagger (weapon)
Armour
 b - a +0 robe (worn)
 c - a +0 buckler (worn)
Jewellery
 d - a +4 ring of protection (left hand)
Scrolls
 f - a scroll of summoning {unknown}
Potions
 e - a potion of brilliance
 g - a potion of curing
 j - a potion of cancellation


   Skills:
 - Level 2.4 Fighting
 - Level 2.5 Short Blades
 + Level 5.2 Dodging
 * Level 4.8 Stealth
 + Level 2.7 Shields


You had 3 spell levels left.
You didn't know any spells.
Your spell library was empty.

Dungeon Overview and Level Annotations

Branches:
Dungeon (5/15)
 Temple: D:4-7

Altars:

Annotations:
D:3 Natasha, Robin


Innate Abilities, Weirdness & Mutations

You are very small and have problems with some larger weapons.
You are too small for most types of armour.
You have supernaturally acute eyesight. (SInv)
You cover ground extremely quickly. (Speed+++)


Message History

Natasha is moderately wounded.
You hit Natasha.
Natasha is moderately wounded.
Natasha mumbles some strange words.
You feel troubled. Natasha completely misses you.
There is a stone staircase leading up here.
Natasha claws you.
You climb upwards.
Level annotation: Robin
There is a stone staircase leading down here.
You hit Natasha but do no damage.
Natasha is moderately wounded.
Natasha stares at you and mumbles some strange words.
The magic dart hits you.
You hit Natasha.
Natasha is heavily wounded.
Natasha casts a spell.
You miss Natasha.
Natasha is heavily wounded.
Natasha casts a spell at you.
You easily resist.
You closely miss Natasha.
Natasha is heavily wounded.
Natasha closely misses you.
You hit Natasha but do no damage.
Natasha is heavily wounded.
The iron imp hits you. Natasha barely misses you.
You closely miss Natasha.
Natasha is heavily wounded.
You block the iron imp's attack.
You hit Natasha but do no damage.
Natasha is heavily wounded.
Natasha stares at you and mumbles some strange words.
The magic dart hits you.
* * * LOW HITPOINT WARNING * * *
You hit Natasha.
Natasha is severely wounded.
Natasha barely misses you. The iron imp hits you!
You die...

######### #######
#.......# #......
#.......#######......
#....................
#.......#######......
#..[....#######......
#.......#............
#.......#............
#...@................
#..h5...#............
#....<..#............
#.......#............
####.####............
#.# #............ #.#
#............
#.################
#.#...............


You could see an iron imp (summoned) and Natasha.

Vanquished Creatures
  3 gnolls
  A worm (D:3)
  3 dart slugs
  8 orcs
  4 ball pythons
  7 endoplasms
  5 giant cockroaches
  14 goblins
  8 hobgoblins
  3 jackals (D:2)
  4 kobolds
  4 quokkas
  4 bats
  3 frilled lizards
  6 rats
77 creatures vanquished.

Notes
Turn   | Place    | Note
-------+----------+-------------------------------------------
     0 | D:1      | zeram the Spriggan Fighter began the quest for the Orb.
     0 | D:1      | Reached XP level 1. HP: 11/11 MP: 2/2
   134 | D:1      | Reached skill level 1 in Stealth
   289 | D:1      | Reached XP level 2. HP: 16/16 MP: 3/3
  1119 | D:1      | Reached XP level 3. HP: 19/19 MP: 4/4
  2347 | D:3      | Noticed Robin
  2614 | D:3      | Reached XP level 4. HP: 10/23 MP: 5/5
  2829 | D:3      | You fall into a shaft and drop 2 floors!
  2829 | D:5      | Entered Level 5 of the Dungeon
  2866 | D:4      | Noticed Natasha
  4279 | D:2      | Reached skill level 5 in Dodging
  4893 | D:1      | HP: 1/23 [gnoll (9)]
  5853 | D:3      | Found a faded altar of an unknown god.
  6685 | D:3      | Slain by an iron imp

Illustrated notes

Levels and vault maps discovered:
D:1:      dpeg_arrival_long_road, layout_basic
D:2:      layout_loops_cross
D:3:      layout_basic, dreamdust_ecumenical_altar_statues, uniq_robin
D:4:      minmay_clustersquares, layout_basic, minmay_temple_entry_slanted,
          gammafunk_ghost_nasty_kobolds, uniq_natasha
D:5:      layout_cave_pools, nzn_hepliaklqana_mist_gate, serial_shops,
          nicolae_square_shop, kennysheep_generic_room_6, uniq_blork_the_orc,
          uniq_eustachio, uniq_duvessa, uniq_grinder

Skill      XL: |  1  2  3  4 |
---------------+-------------+-----
Stealth        | 1 3 4 |  4.8
Dodging        | 5 |  5.2
Fighting       | |  2.4
Short Blades   | |  2.5
Shields        | |  2.7

Action                   |  1- 3 |  4- 6 || total
-------------------------+-------+-------++-------
Melee: Rapier            |   160 |     3 ||   163
       Dagger            |       |   197 ||   197
  Use: Scroll            |     4 |     2 ||     6
       Potion            |       |     1 ||     1
 Stab: Sleeping          |    10 |     5 ||    15
       Distracted        |       |     2 ||     2
Armor: Robe              |     8 |    15 ||    23
Dodge: Dodged            |    92 |   127 ||   219
Block: Buckler           |    43 |    49 ||    92
